TOP OF THE 1ST |
Tri-City Dust Devils batting - Pitching for Rome Braves : RHP Chris Hawkins
|
Pitching: RHP Chris Hawkins
|
|
Batting: LHB Ramon Vega
|
0-0: Ball 1-0: Ball 2-0: Ball 3-0: Called Strike 3-1: Base on Balls
|
Batting: LHB Phil Lerner
|
0-0: Called Strike Ramon Vega steals 2nd base 0-1: Called Strike 0-2: Foul Ball, location: 2F 0-2: Strikes out looking
|
Batting: SHB Isaiah Scates
|
0-0: Ball 1-0: Foul Ball, location: 2F 1-1: Foul Ball, location: 2F 1-2: Foul Ball, location: 2F 1-2: Ball 2-2: Ball 3-2: Base on Balls
|
Batting: RHB Hector Fernandez
|
0-0: Ball 1-0: Ball 2-0: SINGLE (Flyball, 4D, EV 95.6 MPH) Ramon Vega to third Isaiah Scates to second
|
Batting: RHB Eric McMillian
|
0-0: Called Strike 0-1: SINGLE (Groundball, 6D, EV 95.6 MPH) Ramon Vega scores Isaiah Scates to third Hector Fernandez to second
|
Batting: RHB Frank Elizondo
|
0-0: Foul Ball, location: 2F 0-1: SINGLE (Line Drive, 8RS, EV 91.2 MPH) Isaiah Scates scores Hector Fernandez to third Eric McMillian to second Runner from 3rd tries for Home, throw by CF and OUT! 8-2
|
Batting: RHB Max Stillo
|
0-0: Called Strike 0-1: Ball 1-1: Called Strike 1-2: Foul Ball, location: 2F 1-2: 3-RUN HOME RUN (Flyball, 7D, EV 101.2 MPH), Distance : 362 ft
|
Batting: RHB Shane Bruce
|
0-0: Called Strike 0-1: Ball 1-1: Ball 2-1: Ball 3-1: Base on Balls
|
Batting: RHB Ed Oake
|
0-0: Called Strike 0-1: Ball 1-1: Ball 2-1: Ball 3-1: Base on Balls Shane Bruce to second
|
Batting: LHB Ramon Vega
|
0-0: Called Strike 0-1: Ball 1-1: Foul Ball, location: 2F 1-2: Ground out U3 (Groundball, 3L, EV 108.1 MPH)
|
Top of the 1st over - 5 runs, 4 hits, 0 errors, 2 left on base; Tri-City 5 - Rome 0 |
BOTTOM OF THE 1ST |
Rome Braves batting - Pitching for Tri-City Dust Devils : RHP Nick Goodlow
|
Pitching: RHP Nick Goodlow
|
|
Batting: RHB Gebre-Giorgios Wangondu
|
0-0: SINGLE (Groundball, 4MS, EV 68.1 MPH) (infield hit)
|
Batting: RHB Tony Cabrera
|
0-0: Ball 1-0: Swinging Strike Passed Ball! Gebre-Giorgios Wangondu to second 1-1: Swinging Strike 1-2: SINGLE (Groundball, 5D, EV 95.0 MPH) Gebre-Giorgios Wangondu to third Runner from 3rd tries for Home, SAFE, throw by LF to home
|
Batting: LHB Tamaichi Sasada
|
0-0: Ball 1-0: Swinging Strike 1-1: Foul Ball, location: 2F 1-2: Foul Ball, location: 2F 1-2: DOUBLE (Line Drive, 78M, EV 113.8 MPH) Tony Cabrera to third Runner from 3rd tries for Home, SAFE, throw by LF to home
|
Batting: SHB Karl Starnes
|
0-0: SINGLE (Groundball, 34D, EV 102.5 MPH) Tamaichi Sasada to third
|
Batting: RHB Manny Hensley
|
0-0: DOUBLE (Line Drive, 5D, EV 93.8 MPH) Tamaichi Sasada scores Karl Starnes to third
|
Batting: RHB Yutaka Yamane
|
0-0: Ground out 4-3 (Groundball, 4, EV 83.1 MPH) Karl Starnes scores Manny Hensley to third
|
Batting: RHB Alex Campos
|
0-0: Ball 1-0: Ground out 6-3 (Groundball, 6, EV 92.5 MPH) Manny Hensley scores
|
Batting: LHB Jason Herr
|
0-0: Called Strike 0-1: Ball 1-1: Swinging Strike 1-2: Strikes out swinging
|
Bottom of the 1st over - 5 runs, 5 hits, 0 errors, 0 left on base; Tri-City 5 - Rome 5 |
TOP OF THE 2ND |
Tri-City Dust Devils batting - Pitching for Rome Braves : RHP Chris Hawkins
|
Batting: LHB Phil Lerner
|
0-0: Ball 1-0: Ball 2-0: Ball 3-0: Base on Balls
|
Batting: SHB Isaiah Scates
|
0-0: Called Strike Phil Lerner is caught stealing 2nd base 2-6 0-1: Foul Ball, location: 2F 0-2: Ball 1-2: Foul Ball, location: 2F 1-2: Foul Ball, location: 2F 1-2: Hit by Pitch
|
Batting: RHB Hector Fernandez
|
0-0: Called Strike 0-1: Fly out, F7 (Flyball, 7LM, EV 79.4 MPH)
|
Batting: RHB Eric McMillian
|
0-0: SINGLE (Groundball, 56D, EV 99.4 MPH) Isaiah Scates to second
|
Pitching: RHP Marvin Rosas
|
|
Batting: RHB Frank Elizondo
|
0-0: Ball 1-0: Called Strike 1-1: Swinging Strike 1-2: Strikes out swinging
|
Top of the 2nd over - 0 runs, 1 hit, 0 errors, 2 left on base; Tri-City 5 - Rome 5 |
BOTTOM OF THE 2ND |
Rome Braves batting - Pitching for Tri-City Dust Devils : RHP Nick Goodlow
|
Batting: RHB Tetsuro Sato
|
0-0: Called Strike 0-1: Foul Ball, location: 2F 0-2: SINGLE (Line Drive, 4D, EV 105.6 MPH)
|
Batting: RHB Gebre-Giorgios Wangondu
|
Pickoff Throw to First - Error! E1 Tetsuro Sato to second 0-0: Ball 1-0: DOUBLE (Flyball, 8RD, EV 108.1 MPH) Tetsuro Sato scores
|
Pitching: RHP Andres Burgos
|
|
Batting: RHB Tony Cabrera
|
0-0: Called Strike 0-1: Foul Ball, location: 2F 0-2: Ball 1-2: Ground out 4-3 (Groundball, 6M, EV 78.8 MPH) Gebre-Giorgios Wangondu to third
|
Batting: LHB Tamaichi Sasada
|
0-0: Ball 1-0: Called Strike 1-1: Ball 2-1: Ball 3-1: Foul Ball, location: 2F 3-2: Ground out U3 (Groundball, 34, EV 86.9 MPH) Gebre-Giorgios Wangondu scores
|
Batting: SHB Karl Starnes
|
0-0: Called Strike 0-1: Swinging Strike 0-2: Ball 1-2: Foul Ball, location: 2F 1-2: Ball 2-2: Foul Ball, location: 2F 2-2: Strikes out swinging
|
Bottom of the 2nd over - 2 runs, 2 hits, 1 error, 0 left on base; Tri-City 5 - Rome 7 |
TOP OF THE 3RD |
Tri-City Dust Devils batting - Pitching for Rome Braves : RHP Marvin Rosas
|
Batting: RHB Max Stillo
|
0-0: Called Strike 0-1: Ball 1-1: Foul Ball, location: 2F 1-2: Strikes out swinging
|
Batting: RHB Shane Bruce
|
0-0: Called Strike 0-1: Foul Ball, location: 2F 0-2: Ball 1-2: Ball 2-2: Strikes out swinging, 2-3 out at first.
|
Batting: RHB Ed Oake
|
0-0: Ball 1-0: Ball 2-0: Foul Ball, location: 2F 2-1: Called Strike 2-2: Strikes out swinging
|
Top of the 3rd over - 0 runs, 0 hits, 0 errors, 0 left on base; Tri-City 5 - Rome 7 |
BOTTOM OF THE 3RD |
Rome Braves batting - Pitching for Tri-City Dust Devils : RHP Andres Burgos
|
Batting: RHB Manny Hensley
|
0-0: Called Strike 0-1: Foul Ball, location: 2F 0-2: Ball 1-2: Strikes out swinging
|
Batting: RHB Yutaka Yamane
|
0-0: Ball 1-0: Ball 2-0: Called Strike 2-1: DOUBLE (Flyball, 8LD, EV 98.1 MPH)
|
Pitching: RHP Troy Conners
|
|
Batting: RHB Alex Campos
|
0-0: Foul Ball, location: 2F 0-1: Ball 1-1: Foul Ball, location: 2F 1-2: Foul Ball, location: 2F 1-2: Strikes out swinging
|
Batting: LHB Jason Herr
|
0-0: Foul Ball, location: 2F 0-1: Swinging Strike 0-2: Foul Ball, location: 2F 0-2: Ball 1-2: Strikes out swinging
|
Bottom of the 3rd over - 0 runs, 1 hit, 0 errors, 1 left on base; Tri-City 5 - Rome 7 |
TOP OF THE 4TH |
Tri-City Dust Devils batting - Pitching for Rome Braves : RHP Marvin Rosas
|
Batting: LHB Ramon Vega
|
0-0: Called Strike 0-1: SINGLE (Groundball, 34S, EV 74.4 MPH) (infield hit)
|
Batting: LHB Phil Lerner
|
0-0: Ball Ramon Vega steals 2nd base 1-0: Called Strike Ramon Vega steals 3rd base (no throw) 1-1: Foul Ball, location: 2F 1-2: Ball 2-2: Foul Ball, location: 2F 2-2: Fly out, F9 (Flyball, 9LM, EV 76.2 MPH) Runner from 3rd tags up, SCORES, no throw by RF
|
Batting: SHB Isaiah Scates
|
0-0: Ground out U3 (Groundball, 34, EV 85.0 MPH)
|
Batting: RHB Hector Fernandez
|
0-0: Called Strike 0-1: Swinging Strike 0-2: Ball 1-2: Foul Ball, location: 2F 1-2: Strikes out swinging
|
Top of the 4th over - 1 run, 1 hit, 0 errors, 0 left on base; Tri-City 6 - Rome 7 |
BOTTOM OF THE 4TH |
Rome Braves batting - Pitching for Tri-City Dust Devils : RHP Troy Conners
|
Batting: RHB Tetsuro Sato
|
0-0: Ball 1-0: Ball 2-0: Foul Ball, location: 2F 2-1: Swinging Strike 2-2: Strikes out swinging
|
Batting: RHB Gebre-Giorgios Wangondu
|
0-0: Ball 1-0: Fly out, F9 (Flyball, 9D, EV 98.1 MPH)
|
Batting: RHB Tony Cabrera
|
0-0: Called Strike 0-1: Ball 1-1: Ball 2-1: Called Strike 2-2: Foul Ball, location: 2F 2-2: Strikes out swinging
|
Bottom of the 4th over - 0 runs, 0 hits, 0 errors, 0 left on base; Tri-City 6 - Rome 7 |
TOP OF THE 5TH |
Tri-City Dust Devils batting - Pitching for Rome Braves : RHP Marvin Rosas
|
Batting: RHB Eric McMillian
|
0-0: Reached on error, E6 (Groundball, 6, EV 101.2 MPH)
|
Batting: RHB Frank Elizondo
|
0-0: Called Strike 0-1: Ball 1-1: Ball Eric McMillian steals 2nd base 2-1: Ball 3-1: Foul Ball, location: 2F 3-2: Base on Balls
|
Batting: RHB Max Stillo
|
0-0: Foul Ball, location: 2F 0-1: Called Strike 0-2: Strikes out swinging
|
Batting: RHB Shane Bruce
|
0-0: Ball 1-0: Swinging Strike 1-1: Foul Ball, location: 2F 1-2: Strikes out swinging
|
Pinch Hitting: RHB Mike MacLeod
|
0-0: Swinging Strike 0-1: Ball 1-1: Ground out U3 (Groundball, 3S, EV 78.8 MPH)
|
Top of the 5th over - 0 runs, 0 hits, 1 error, 2 left on base; Tri-City 6 - Rome 7 |
BOTTOM OF THE 5TH |
Rome Braves batting - Pitching for Tri-City Dust Devils : RHP Troy Conners
|
Now at 3B: Mike MacLeod
|
|
Batting: LHB Tamaichi Sasada
|
0-0: Called Strike 0-1: Fly out, F7 (Flyball, 78D, EV 86.9 MPH)
|
Batting: SHB Karl Starnes
|
0-0: Ball 1-0: Ball 2-0: Ball 3-0: Base on Balls
|
Batting: RHB Manny Hensley
|
0-0: Called Strike 0-1: Ball 1-1: Foul Ball, location: 2F 1-2: Foul Ball, location: 2F 1-2: Strikes out swinging
|
Batting: RHB Yutaka Yamane
|
0-0: Called Strike 0-1: Ball 1-1: TRIPLE (Line Drive, 89XD, EV 100.6 MPH) Karl Starnes scores
|
Batting: RHB Alex Campos
|
0-0: Ball 1-0: Ground out 6-3 (Groundball, 6, EV 76.9 MPH)
|
Bottom of the 5th over - 1 run, 1 hit, 0 errors, 1 left on base; Tri-City 6 - Rome 8 |
TOP OF THE 6TH |
Tri-City Dust Devils batting - Pitching for Rome Braves : RHP Marvin Rosas
|
Batting: LHB Ramon Vega
|
0-0: Called Strike 0-1: Ball 1-1: Ball 2-1: Ground out U3 (Groundball, 34, EV 83.8 MPH)
|
Batting: LHB Phil Lerner
|
0-0: Ball 1-0: Foul Ball, location: 2F 1-1: Ball 2-1: Ball 3-1: Swinging Strike 3-2: Foul Ball, location: 2F 3-2: SOLO HOME RUN (Flyball, 89XD, EV 107.5 MPH), Distance : 412 ft
|
Pitching: RHP Bobby Feig
|
|
Batting: SHB Isaiah Scates
|
0-0: SOLO HOME RUN (Flyball, 9D, EV 93.1 MPH), Distance : 365 ft
|
Batting: RHB Hector Fernandez
|
0-0: Ball 1-0: Swinging Strike 1-1: Ball 2-1: Ball 3-1: SINGLE (Groundball, 56D, EV 95.6 MPH)
|
Batting: RHB Eric McMillian
|
0-0: Called Strike 0-1: Fielders Choice at 2nd, 1-6 (Groundball, 13S, EV 67.5 MPH)
|
Batting: RHB Frank Elizondo
|
0-0: Ball 1-0: Called Strike 1-1: Swinging Strike 1-2: Ball Eric McMillian is caught stealing 2nd base 2-4
|
Top of the 6th over - 2 runs, 3 hits, 0 errors, 0 left on base; Tri-City 8 - Rome 8 |
BOTTOM OF THE 6TH |
Rome Braves batting - Pitching for Tri-City Dust Devils : RHP Troy Conners
|
Batting: LHB Jason Herr
|
0-0: Ball 1-0: Called Strike 1-1: Ball 2-1: Ground out 4-3 (Groundball, 4, EV 105.6 MPH)
|
Pitching: RHP Cal Abbott
|
|
Batting: RHB Tetsuro Sato
|
0-0: Ball 1-0: Ground out 6-3 (Groundball, 6, EV 102.5 MPH)
|
Batting: RHB Gebre-Giorgios Wangondu
|
0-0: Foul Ball, location: 2F 0-1: Ball 1-1: Ball 2-1: Swinging Strike 2-2: Ball 3-2: Base on Balls
|
Batting: RHB Tony Cabrera
|
0-0: SINGLE (Line Drive, 9S, EV 103.8 MPH) Gebre-Giorgios Wangondu to second Gebre-Giorgios Wangondu to third
|
Batting: LHB Tamaichi Sasada
|
0-0: Called Strike 0-1: DOUBLE (Line Drive, 78D, EV 93.8 MPH) Gebre-Giorgios Wangondu scores Tony Cabrera to third Runner from 3rd tries for Home, throw by LF and OUT! 7-6-2
|
Bottom of the 6th over - 1 run, 2 hits, 0 errors, 1 left on base; Tri-City 8 - Rome 9 |
TOP OF THE 7TH |
Tri-City Dust Devils batting - Pitching for Rome Braves : RHP Bobby Feig
|
Batting: RHB Frank Elizondo
|
0-0: Called Strike 0-1: Ball 1-1: Ball 2-1: Ball 3-1: Base on Balls
|
Batting: RHB Max Stillo
|
0-0: Called Strike 0-1: Ball 1-1: Ball 2-1: Grounds into double play, 5-4-3 (Groundball, 56, EV 100.6 MPH)
|
Batting: RHB Shane Bruce
|
0-0: Called Strike 0-1: Called Strike 0-2: Strikes out looking
|
Top of the 7th over - 0 runs, 0 hits, 0 errors, 0 left on base; Tri-City 8 - Rome 9 |
BOTTOM OF THE 7TH |
Rome Braves batting - Pitching for Tri-City Dust Devils : RHP Cal Abbott
|
Batting: SHB Karl Starnes
|
0-0: Called Strike 0-1: Foul Ball, location: 2F 0-2: Ball 1-2: SINGLE (Flyball, 3D, EV 87.5 MPH)
|
Batting: RHB Manny Hensley
|
0-0: Ball 1-0: Ball 2-0: Called Strike 2-1: Grounds into double play, 5-4-3 (Groundball, 56, EV 85.0 MPH)
|
Batting: RHB Yutaka Yamane
|
0-0: Ball 1-0: Foul Ball, location: 2F 1-1: Ball 2-1: Ball 3-1: Called Strike 3-2: SINGLE (Groundball, 34S, EV 68.1 MPH) (infield hit)
|
Batting: RHB Alex Campos
|
|
Pinch Hitting: LHB Ricardo Sandoval
|
0-0: Foul Ball, location: 2F 0-1: Called Strike 0-2: Foul Ball, location: 2F 0-2: Foul Ball, location: 2F 0-2: Ball 1-2: Foul Ball, location: 2F 1-2: Foul Ball, location: 2F 1-2: Ground out 4-3 (Groundball, 34, EV 109.4 MPH)
|
Bottom of the 7th over - 0 runs, 2 hits, 0 errors, 1 left on base; Tri-City 8 - Rome 9 |
TOP OF THE 8TH |
Tri-City Dust Devils batting - Pitching for Rome Braves : RHP Bobby Feig
|
Now at 1B: Karl Starnes
|
|
Now at 2B: Manny Hensley
|
|
Now at SS: Chris Trites
|
|
Now in LF: Ricardo Sandoval
|
|
Now in RF: Costantino Dolfini
|
|
Batting: RHB Mike MacLeod
|
0-0: Foul Ball, location: 2F 0-1: Foul Ball, location: 2F 0-2: Ball 1-2: Ball 2-2: Strikes out swinging
|
Batting: LHB Ramon Vega
|
0-0: Ball 1-0: Fly out, F4 (Popup, 4, EV 59.4 MPH)
|
Pitching: RHP Jimmy Loudner
|
|
Now at 1B: Manny Hensley
|
|
Now at 2B: Rafael Reyes
|
|
Batting: LHB Phil Lerner
|
0-0: Called Strike 0-1: Foul Ball, location: 2F 0-2: Ball 1-2: Ball 2-2: Foul Ball, location: 2F 2-2: Foul Ball, location: 2F 2-2: Ball 3-2: Base on Balls
|
Batting: SHB Isaiah Scates
|
0-0: Ball 1-0: Called Strike 1-1: Foul Ball, location: 2F 1-2: Strikes out swinging
|
Top of the 8th over - 0 runs, 0 hits, 0 errors, 1 left on base; Tri-City 8 - Rome 9 |
BOTTOM OF THE 8TH |
Rome Braves batting - Pitching for Tri-City Dust Devils : RHP Cal Abbott
|
Pitching: RHP Hisatada Sekiguchi
|
|
Batting: LHB Jason Herr
|
0-0: Called Strike 0-1: Swinging Strike 0-2: Strikes out swinging
|
Batting: RHB Tetsuro Sato
|
0-0: Ball 1-0: Swinging Strike 1-1: SINGLE (Groundball, 56D, EV 96.9 MPH)
|
Batting: RHB Chris Trites
|
0-0: Ball 1-0: Foul Ball, location: 2F 1-1: Foul Ball, location: 2F 1-2: Ball 2-2: Strikes out swinging
|
Batting: RHB Tony Cabrera
|
0-0: Called Strike 0-1: Ball 1-1: Fly out, F9 (Flyball, 89S, EV 93.1 MPH)
|
Bottom of the 8th over - 0 runs, 1 hit, 0 errors, 1 left on base; Tri-City 8 - Rome 9 |
TOP OF THE 9TH |
Tri-City Dust Devils batting - Pitching for Rome Braves : RHP Jimmy Loudner
|
Pitching: RHP Walt Bunney
|
|
Batting: RHB Hector Fernandez
|
0-0: Called Strike 0-1: Ball 1-1: Ground out 6-3 (Groundball, 6, EV 88.1 MPH)
|
Batting: RHB Eric McMillian
|
0-0: DOUBLE (Flyball, 8RXD, EV 107.5 MPH)
|
Batting: RHB Frank Elizondo
|
0-0: Called Strike 0-1: Called Strike 0-2: Strikes out looking
|
Batting: RHB Max Stillo
|
0-0: Swinging Strike 0-1: Hit by Pitch
|
Batting: RHB Shane Bruce
|
0-0: Ball 1-0: Ball 2-0: Ball Wild Pitch! Eric McMillian to third Max Stillo to second 3-0: Swinging Strike 3-1: Base on Balls
|
Batting: RHB Mike MacLeod
|
0-0: Called Strike 0-1: Ball 1-1: SINGLE (Flyball, 8LS, EV 91.9 MPH) Eric McMillian scores Max Stillo to third Shane Bruce to second Runner from 3rd tries for Home, SAFE, throw by CF to home
|
Batting: LHB Ramon Vega
|
0-0: Foul Ball, location: 2F 0-1: Foul Ball, location: 2F 0-2: Ball 1-2: Strikes out swinging
|
Top of the 9th over - 2 runs, 2 hits, 0 errors, 2 left on base; Tri-City 10 - Rome 9 |
BOTTOM OF THE 9TH |
Rome Braves batting - Pitching for Tri-City Dust Devils : RHP Hisatada Sekiguchi
|
Batting: RHB Costantino Dolfini
|
0-0: Foul Ball, location: 2F 0-1: Ball 1-1: Foul Ball, location: 2F 1-2: Foul Ball, location: 2F 1-2: Ground out 6-3 (Groundball, 6, EV 90.0 MPH)
|
Batting: RHB Rafael Reyes
|
0-0: Called Strike 0-1: Foul Ball, location: 2F 0-2: Ball 1-2: Foul Ball, location: 2F 1-2: Strikes out swinging
|
Batting: RHB Manny Hensley
|
0-0: Ball 1-0: Ball 2-0: Swinging Strike 2-1: Ball 3-1: Foul Ball, location: 2F 3-2: Foul Ball, location: 2F 3-2: Base on Balls
|
Pitching: RHP Jamal Kilburn
|
|
Batting: RHB Yutaka Yamane
|
0-0: Called Strike 0-1: Called Strike 0-2: Foul Ball, location: 2F 0-2: Hit by Pitch Manny Hensley to second
|
Batting: LHB Ricardo Sandoval
|
0-0: Foul Ball, location: 2F 0-1: Swinging Strike 0-2: Foul Ball, location: 2F 0-2: Ball 1-2: Ball 2-2: Foul Ball, location: 2F 2-2: Hit by Pitch Manny Hensley to third Yutaka Yamane to second
|
Batting: LHB Jason Herr
|
0-0: Called Strike 0-1: Swinging Strike 0-2: Ball 1-2: Strikes out swinging
|
Bottom of the 9th over - 0 runs, 0 hits, 0 errors, 3 left on base; Tri-City 10 - Rome 9 |
|